Map: Ever Dream LE

Players

MaximiliaN - Winner!

  • Race: Zerg Zerg
  • League: Platinum
  • Spawn Location: 7:00

Massa

  • Race: Terran Terran
  • League: Gold
  • Spawn Location: 1:00

VOD

Have the link to the VOD?

Description

Time

  • Played on: Aug. 30, 2020, 7:12 a.m.
  • Length: 10:39
Show
View Real Time Build Order
Export as new Build Order

MaximiliaN Zerg - Winner!

Build Orders: Hatch First 

Get SALT Encoding   

  12  0:09  Drone x2  
  14  0:17  Overlord  
  14  0:36  Drone x2  
  16  0:51  Hatchery  
  16  0:54  Drone  
  16  1:03  Drone, Extractor  
  16  1:04  Drone  
  17  1:17  Spawning Pool  
  16  1:20  Drone  
  16  1:25  Drone  
  18  1:35  Overlord  
  18  1:47  Drone  
  19  2:07  Zergling x4  
  21  2:09  Queen  
  21  2:10  Queen  
  21  2:11  Drone  
  26  2:17  Drone  
  26  2:21  Metabolic Boost  
  27  2:24  Drone  
  27  2:28  Drone  
  29  2:33  Drone  
  29  2:36  Drone  
  30  2:45  Queen  
  30  2:49  Drone  
  30  2:50  Drone  
  34  2:55  Drone  
  34  2:56  Overlord  
  35  3:07  Overlord  
  35  3:17  Drone x2  
  37  3:22  Zergling x2  
  37  3:23  Drone  
  39  3:33  Drone  
  40  3:34  Queen x2  
  40  3:35  Drone  
  40  3:40  Drone  
  40  3:41  Drone x2  
  48  3:47  Drone  
  48  3:48  Drone  
  50  3:51  Hatchery  
  50  3:55  Drone x2  
  51  4:01  Extractor  
  50  4:04  Zergling x2  
  51  4:11  Lair, Overlord  
  51  4:12  Overlord  
  51  4:16  Baneling Nest  
  50  4:17  Evolution Chamber  
  50  4:19  Drone x2  
  50  4:21  Zergling x2, Evolution Chamber  
  50  4:25  Zergling x2  
  51  4:37  Zergling x8  
  55  4:39  Drone x3  
  55  4:42  Hatchery  
  58  4:52  Drone  
  58  4:53  Drone  
  58  4:59  Drone  
  60  5:02  Zergling x2  
  60  5:03  Overlord x2  
  61  5:10  Queen  
  61  5:12  Zergling x2  
  64  5:15  Zerg Melee Weapons Level 1  
  64  5:22  Zergling x4  
  64  5:25  Centrifical Hooks  
  64  5:28  Drone  
  66  5:29  Extractor  
  66  5:30  Zergling x4  
  66  5:31  Drone x2  
  66  5:32  Drone x2  
  66  5:33  Drone  
  72  5:36  Drone  
  72  5:41  Queen x2  
  72  5:42  Zergling x2  
  78  5:50  Zergling x4  
  78  5:53  Drone  
  78  5:54  Drone  
  78  5:55  Drone  
  83  5:57  Drone  
  83  6:00  Drone x2  
  83  6:01  Drone  
  87  6:04  Zergling x2  
  87  6:05  Zerg Ground Armor Level 1, Zergling x2  
  87  6:07  Zergling x2  
  90  6:11  Zergling x2  
  90  6:14  Zergling x2  
  92  6:19  Zergling x6  
  92  6:20  Zergling x2  
  96  6:31  Overlord  
  96  6:32  Overlord x2  
  96  6:41  Overlord  
  96  6:46  Overlord  
  96  6:50  Drone x3  
  96  6:51  Drone x2  
  96  6:52  Drone x4  
  97  6:57  Drone x3  
  94  7:01  Drone x4  
  94  7:02  Drone x2  
  94  7:07  Queen  
  94  7:08  Drone  
  102  7:09  Drone  
  102  7:12  Drone  
  104  7:24  Zergling x2  
  104  7:25  Zergling x8  
  109  7:30  Zergling x4  
  109  7:31  Zergling x6  
  114  7:37  Zergling x2  
  114  7:38  Zergling x2  
  114  7:40  Baneling x8  
  114  7:41  Baneling x13  
  114  7:42  Baneling  
  115  7:44  Zergling x2  
  115  7:49  Drone x2  
  115  7:50  Drone x2  
  120  7:52  Zergling x4  
  120  7:54  Zergling x4  
  120  7:55  Zergling x2  
  120  7:56  Zergling x2  
  123  7:59  Zergling x4  
  123  8:00  Zergling x2  
  123  8:10  Zergling x8  
  114  8:14  Zergling x8  
  114  8:15  Zergling x4  
  114  8:18  Zergling x2  
  113  8:27  Zergling x8  
  113  8:28  Queen, Zergling x4  
  113  8:29  Queen  
  113  8:34  Drone x2  
  120  8:41  Drone x5  
  120  8:44  Drone  
  120  8:45  Drone  
  120  8:46  Drone  
  126  8:54  Baneling x3  
  126  8:55  Baneling x6  
  126  8:56  Baneling x12  
  126  8:57  Baneling x7  
  126  8:58  Drone  
  126  8:59  Drone  
  128  9:05  Drone x4  
  128  9:06  Drone  
  128  9:09  Drone x2  
  135  9:12  Extractor, Zergling x2  
  135  9:13  Zergling x2  
  134  9:20  Zergling x4  
  134  9:21  Zergling x14  
  129  9:26  Zergling x2  
  129  9:28  Zergling x4  
  129  9:29  Zergling x2  
  128  9:36  Zergling x2  
  128  9:37  Zergling x4  
  126  9:41  Zergling x8  
  128  9:54  Zergling x2  
  128  9:55  Zergling x10  
  128  9:59  Zergling x2  
  135  10:00  Zergling x2  
  135  10:02  Zergling x4  
  135  10:04  Zergling x2  
  135  10:05  Zergling x2  
  132  10:07  Drone  
  134  10:16  Zergling x4  
Show
View Real Time Build Order
Export as new Build Order

Massa Terran 

Build Orders: Reaper Expand 

Get SALT Encoding   

  12  0:01  SCV  
  13  0:13  SCV  
  14  0:17  Supply Depot  
  14  0:25  SCV  
  15  0:40  SCV, Barracks  
  16  0:52  SCV  
  16  0:55  Refinery  
  17  0:57  Refinery  
  17  1:04  SCV  
  18  1:16  SCV  
  19  1:30  Reaper  
  19  1:31  Orbital Command  
  20  1:34  Supply Depot  
  20  2:00  Command Center  
  20  2:02  Marine  
  21  2:17  SCV  
  22  2:38  Factory  
  22  2:43  Marine  
  23  2:46  Barracks  
  23  2:53  Barracks  
  23  2:58  Supply Depot  
  23  3:01  Marine  
  24  3:15  Orbital Command  
  24  3:17  SCV  
  24  3:18  Marine  
  26  3:22  Supply Depot  
  26  3:24  Factory Reactor  
  26  3:29  SCV  
  26  3:33  Barracks Tech Lab  
  27  3:36  Marine  
  28  3:41  SCV  
  30  3:56  Marauder, Stimpack  
  30  4:01  Barracks Reactor, Orbital Command  
  30  4:04  Barracks Reactor  
  30  4:06  SCV  
  31  4:16  Supply Depot  
  33  4:17  Marauder  
  33  4:18  SCV  
  33  4:19  Hellion  
  33  4:20  Hellion  
  38  4:29  SCV  
  38  4:30  SCV  
  40  4:39  Supply Depot  
  40  4:40  Bunker  
  40  4:41  SCV  
  40  4:42  SCV  
  40  4:44  Marine x2  
  44  4:46  Marauder, Marine  
  44  4:47  Marine  
  48  5:04  Supply Depot  
  48  5:08  SCV x2  
  50  5:16  Engineering Bay  
  50  5:20  SCV x2  
  52  5:27  Supply Depot  
  48  5:30  Hellion x2, Marine x2  
  48  5:33  Marine  
  48  5:34  Marine  
  56  5:36  Combat Shield  
  56  5:42  Starport  
  56  5:47  Terran Infantry Weapons Level 1  
  56  5:48  Marine  
  56  5:49  Missile Turret  
  57  5:51  Hellion x2, Marine  
  57  5:52  Missile Turret  
  57  5:53  SCV x2  
  64  6:05  SCV x2  
  64  6:07  Factory  
  66  6:12  Hellion x2  
  70  6:20  Armory  
  70  6:21  Engineering Bay, Medivac  
  72  6:33  Marine x2  
  72  6:35  Marauder, Marine x2  
  80  6:40  Hellion  
  80  6:42  Hellion  
  82  6:50  Marine  
  82  6:51  Medivac  
  85  6:56  Marauder  
  87  7:07  Hellion x2  
  83  7:09  Factory Tech Lab  
  83  7:12  Terran Infantry Armor Level 1  
  83  7:14  Terran Vehicle Weapons Level 1  
  83  7:21  Command Center  
  83  7:24  Medivac  
  83  7:27  Missile Turret  
  83  7:28  Infernal Pre-Igniter  
  85  7:30  SCV x2  
  85  7:36  Refinery  
  87  7:43  SCV x2  
  89  8:06  Marauder, Marine x3  
  74  8:14  Marine  
  61  8:21  Hellion x3  
  61  8:24  Marine x2  
  64  8:27  Marauder  
  44  8:42  Hellion x2  
  45  8:49  Orbital Command, Marauder  
  45  8:51  Concussive Shells  
  45  8:54  Siege Tank  
  48  9:04  Hellion x2  
  48  9:08  Supply Depot  
  48  9:09  Supply Depot  
  52  9:10  Marauder  
  52  9:14  Supply Depot  
  38  9:25  Hellion x2  
  38  9:26  Siege Tank  
  39  9:32  Marine x2  
  39  9:36  Marauder  
  27  9:46  Hellion  
  27  9:47  Orbital Command  
  27  9:50  Marine x2  
  31  9:57  Marauder, Supply Depot  
  20  10:17  SCV  
Tags
 
Add a new tag
Caveats
  • Supply blocks, unpowered buildings, or Contaminate may cause inaccurate times.
  • Supply counts are checked every 10 seconds.